 Dungeon Crawl Stone Soup version 0.27.0-1-g7a08968 (webtiles) character file.

Game seed: 9428180308612884897

77 thesequoiad the Covered (level 4, -2/40 HPs)
             Began as a Minotaur Fighter on Aug 11, 2021.
             Killed by divine providence
             ... invoked by an orc priest
              (10 damage)
             ... on level 3 of the Dungeon.
             The game lasted 00:03:24 (1416 turns).

thesequoiad the Covered (Minotaur Fighter)          Turns: 1416, Time: 00:03:25

Health: -2/40      AC:  7    Str: 21    XL:     4   Next: 13%
Magic:  3/3        EV:  7    Int: 11    God:
Gold:   79         SH:  9    Dex: 10    Spells: 3/3 levels left

rFire    . . .     SeeInvis .   a - +0 war axe
rCold    . . .     Faith    .   c - +0 kite shield
rNeg     . . .     Spirit   .   b - +0 scale mail
rPois    .         Reflect  .   (helmet restricted)
rElec    .         Harm     .   (no cloak)
rCorr    .         Rampage  .   (no gloves)
Will     .....                  (no boots)
Stlth    ..........             (no amulet)
HPRegen  0.13/turn              f - +6 ring of intelligence
MPRegen  0.08/turn              (no ring)

@: no status effects
A: horns 2, retaliatory headbutt
a: no special abilities


You were on level 3 of the Dungeon.
You visited 1 branch of the dungeon, and saw 3 of its levels.

You collected 79 gold pieces.

Inventory:

Hand Weapons
 a - a +0 war axe (weapon)
Armour
 b - a +0 scale mail (worn)
 c - a +0 kite shield (worn)
Jewellery
 f - a +6 ring of intelligence (left hand)
 i - an amulet of faith
 j - a +4 ring of evasion
Scrolls
 g - a scroll of torment {unknown}
 h - a scroll of teleportation {unknown}
 l - a scroll of enchant weapon {unknown}
 m - a scroll of silence {unknown}
 p - 2 scrolls of blinking {unknown}
 q - a scroll of enchant armour {unknown}
Potions
 d - a potion of might
 e - a potion of heal wounds
 k - a potion of invisibility
 n - a potion of haste
 o - a potion of brilliance {unknown}


   Skills:
 + Level 4.1 Fighting
 + Level 3.1 Axes
 * Level 4.8 Armour
 + Level 4.2 Shields


You had 3 spell levels left.
You didn't know any spells.
Your spell library contained the following spells:

 Spells                   Type           Power      Damage    Failure   Level
 Malign Gateway           Summ/Tloc      0%         N/A       100%        7
 Summon Horrible Things   Summ           0%         N/A       100%        8


Dungeon Overview and Level Annotations

Branches:
Dungeon (3/15)

Altars:
Cheibriados


Innate Abilities, Weirdness & Mutations

You have a pair of horns on your head.
You reflexively headbutt those who attack you in melee.


Message History

Found a stone staircase leading down.
The orc priest hits you with a +0 mace.
The orc wizard points at you and mumbles some strange words.
You block the puff of flame.
You barely miss the orc priest. You slash the orc priest!
An adder comes into view.
The orc priest barely misses you. You furiously retaliate!
You headbutt the orc priest. The orc wizard casts a spell at you.
You resist with some effort.
The orc priest hits you but does no damage.
The adder hisses angrily.
The orc priest hits you but does no damage.
The orc priest calls upon Beogh to heal the orc priest.
The orc priest is healed somewhat.
The orc priest looks satisfied for a moment.
You closely miss the orc. The orc hits you but does no damage.
You block the orc's attack.
You slash the orc!
You kill the orc!
The orc barely misses you.
The orc wizard gestures wildly while chanting.
The orc wizard flickers and vanishes!
Deactivating autopickup; reactivate with Ctrl-A.
You block the orc's attack.
The orc priest invokes the aid of Beogh against you.
Beogh smites you!
You see here a +0 whip.
You barely miss something. The orc barely misses you. Something hits you.
You hit something but do no damage.
The orc priest casts a cantrip, but nothing happens.
The orc hits you from afar with a +0 trident.
Something hits you.
The orc hits you from afar with a +0 trident.
* * * LOW HITPOINT WARNING * * *
You hit something. Your headbutt misses something.
Something hits you but does no damage.
The orc priest invokes the aid of Beogh against you.
Beogh smites you!
You die...

.......... .# #.....#....#
.........# . #.....#....#
#.......# .# #.....#....#
#.......##># #.....#....#
#.......... ##'''#####.#
#........######.....####)###
#.............#.....#.......
#......S#######..8..#.....).
#......roo.@..........<...).
#(......o############......<
#........# #.......
#....:.... #.......
########### #.......
#....... ########


You could see 2 orc priests, an adder, an orc and a rat.

Vanquished Creatures
  A gnoll (D:1)
  2 adders (D:2)
  A worm (D:3)
  2 dart slugs
  5 orcs (D:3)
  4 ball pythons
  2 endoplasms
  A giant cockroach (D:1)
  A goblin (D:2)
  2 hobgoblins
  A quokka (D:1)
  5 bats (D:1)
  3 frilled lizards
  4 kobolds
  8 rats
42 creatures vanquished.

Notes
Turn   | Place    | Note
-------+----------+-------------------------------------------
     0 | D:1      | thesequoiad the Minotaur Fighter began the quest for the
                  | Orb.
     0 | D:1      | Reached XP level 1. HP: 19/19 MP: 0/0
    32 | D:1      | Reached XP level 2. HP: 27/27 MP: 1/1
   422 | D:1      | Reached XP level 3. HP: 30/33 MP: 2/2
  1252 | D:3      | Reached XP level 4. HP: 26/40 MP: 3/3
  1363 | D:3      | Found a snail-covered altar of Cheibriados.
  1416 | D:3      | Killed from afar by an orc priest

Illustrated notes

Levels and vault maps discovered:
D:1:      dpeg_arrival_rooms_with_view, layout_basic, lemuel_old_faithful
D:2:      layout_rooms
D:3:      layout_basic, slow_altar_2

Skill      XL: |  1  2  3 |
---------------+----------+-----
Armour         | 4 |  4.8
Shields        | 4 |  4.2
Fighting       | 4 |  4.1
Axes           | 3 |  3.1

Action                   |  1- 3 |  4- 6 || total
-------------------------+-------+-------++-------
Melee: War axe           |    87 |    13 ||   100
       Headbutt          |    10 |       ||    10
  Use: Scroll            |     3 |       ||     3
Armor: Scale mail        |    47 |     5 ||    52
Dodge: Dodged            |    22 |     5 ||    27
Block: Kite shield       |    55 |     6 ||    61
